 Dungeon Crawl Stone Soup version 0.28-a0-726-g4a9143789a (webtiles) character file.

Game seed: 5513856608037370417

15 lawman0 the Grasshopper (level 2, 0/23 HPs)
             Began as a Barachi Warper on Oct 27, 2021.
             Slain by a jackal (3 damage)
             ... on level 1 of the Dungeon.
             The game lasted 00:00:35 (180 turns).

lawman0 the Grasshopper (Barachi Warper)             Turns: 180, Time: 00:00:35

Health: 0/23       AC:  3    Str: 12    XL:     2   Next: 50%
Magic:  5/5        EV: 11    Int: 13    God:
Gold:   0          SH:  0    Dex: 11    Spells: 5/5 levels left

rFire   . . .      SeeInvis .   a - +0 falchion
rCold   . . .      Faith    .   (no shield)
rNeg    . . .      Spirit   .   b - +0 leather armour
rPois   .          Reflect  .   (no helmet)
rElec   .          Harm     .   (no cloak)
rCorr   .          Rampage  .   (no gloves)
Will    .....                   (no boots)
Stlth   +.........              (no amulet)
HPRegen 0.07/turn               (no ring)
MPRegen 0.09/turn               (no ring)

@: slow
A: amphibious, slowness 1, strong legs 1, +LOS
a: Hop


You were on level 1 of the Dungeon.
You visited 1 branch of the dungeon, and saw 1 of its levels.

Inventory:

Hand Weapons
 a - a +0 falchion (weapon)
Armour
 b - a +0 leather armour (worn)


   Skills:
 + Level 2.7 Fighting
 * Level 2.8 Long Blades
 + Level 1.3 Throwing
 + Level 1.2 Armour
 + Level 2.1 Dodging
 + Level 2.2 Spellcasting
 * Level 3.5 Translocations


You had 5 spell levels left.
You didn't know any spells.
Your spell library contained the following spells:

 Spells                   Type           Power      Damage    Failure   Level
 Blink                    Tloc           20%        N/A       11%         2
 Gell's Gravitas          Tloc           5%         N/A       22%         3
 Lesser Beckoning         Tloc           10%        N/A       22%         3
 Teleport Other           Tloc           10%        N/A       22%         3
 Manifold Assault         Tloc           10%        N/A       90%         5


Dungeon Overview and Level Annotations

Branches:
Dungeon (1/15)

Altars:


Innate Abilities, Weirdness & Mutations

You are amphibious.
You cover ground slowly.
You can hop short distances.
You have an extended range of vision and can be seen from far away.


Message History

The boomerang of dispersal hits the endoplasm.
The endoplasm blinks!
The endoplasm is almost dead.
The jackal closely misses you. x2
Throw: 2 boomerangs (disperse)
Press: ? - help, Q - select action, (/) - cycle Shift-Dir - straight line, f/p - jackal
Aim: a jackal (47% to hit)
You throw a boomerang of dispersal.
The boomerang of dispersal misses the jackal.
The boomerang of dispersal hits the endoplasm!
The endoplasm blinks!
You kill the endoplasm!
The jackal bites you.
* * * LOW HITPOINT WARNING * * *
Throw: boomerang (disperse)
Press: ? - help, Q - select action, (/) - cycle Shift-Dir - straight line, f/p - jackal
Aim: a jackal (47% to hit)
You throw a boomerang of dispersal.
The boomerang of dispersal closely misses the jackal.
The boomerang of dispersal hits the endoplasm.
The endoplasm blinks!
You feel a bit more experienced. The jackal barely misses you. x2
You hit the jackal.
The jackal is severely wounded.
The jackal barely misses you. The jackal bites you.
* * * LOW HITPOINT WARNING * * *
You closely miss the jackal.
The jackal is severely wounded.
The jackal bites you.
* * * LOW HITPOINT WARNING * * *
The jackal bites you but does no damage.
You barely miss the jackal.
The jackal is severely wounded.
You are ready to hop once more.
The jackal bites you but does no damage.
You barely miss the jackal.
The jackal is severely wounded.
The jackal barely misses you. The jackal bites you.
You die...

. .. #(. ..>. ..... ###
...... #@# #....>.#h#
#.# ...#...##..#
###########..........#
.........##..).......#
.........##..........#
.........##..........#
................†......
..(.......#.............


You could see a jackal.

Vanquished Creatures
  A dart slug (D:1)
  A ball python (D:1)
  2 endoplasms (D:1)
  3 giant cockroaches (D:1)
  A goblin (D:1)
  A jackal (D:1)
  A kobold (D:1)
  A rat (D:1)
11 creatures vanquished.

Notes
Turn   | Place    | Note
-------+----------+-------------------------------------------
     0 | D:1      | lawman0 the Barachi Warper began the quest for the Orb.
     0 | D:1      | Reached XP level 1. HP: 17/17 MP: 3/3
   151 | D:1      | Reached XP level 2. HP: 23/23 MP: 5/5
   180 | D:1      | Slain by a jackal

Illustrated notes

Levels and vault maps discovered:
D:1:      lightli_arrival_isolated_outpost, layout_rooms

Action                   || total
-------------------------++-------
Melee: Falchion          ||    25
Throw: Boomerang         ||     5
 Abil: Hop               ||     1
  Use: Scroll            ||     1
Armor: Leather armour    ||     7
Dodge: Dodged            ||    24

Table legend: (Time is in decaauts)
 A = Elapsed time spent in this place.
 B = Non-inter-level travel time spent in this place.
 C = Inter-level travel time spent in this place.
 D = Time resting spent in this place.
 E = Time spent auto-exploring this place.
 F = Levels seen in this place.
 G = Mean time per level.
                   A        B        C        D        E       F      G
               +--------+--------+--------+--------+--------+-----+--------+
         Total |    196 |    196 |      0 |      0 |    136 |   1 |  196.0 |
       Dungeon |    196 |    196 |      0 |      0 |    136 |   1 |  196.0 |
               +--------+--------+--------+--------+--------+-----+--------+

Top non-repeatable levels by time:
     D:1: 196 daAuts
